 Dungeon Crawl Stone Soup version 0.29.1-15-g9cfb28693d (webtiles) character file.

Game seed: 13023225010846103881

117 dudediamond6 the Shield-Bearer (level 5, -1/47 HPs)
             Began as a Gnoll Fighter on Feb 24, 2023.
             Slain by a frilled lizard (2 damage)
             ... in a sewer.
             The game lasted 00:03:27 (2315 turns).

dudediamond6 the Shield-Bearer (Gnoll Fighter)      Turns: 2315, Time: 00:03:28

Health: -1/47      AC: 13    Str: 17    XL:     5   Next: 1%
Magic:  7/7        EV:  5    Int:  7    God:
Gold:   108        SH:  5    Dex: 12    Spells: 6/6 levels left

rFire   . . .      SeeInvis .   a - +0 flail
rCold   . . .      Faith    .   c - +0 buckler
rNeg    . . .      Spirit   .   h - +0 plate armour
rPois   .          Reflect  .   (no helmet)
rElec   .          Harm     .   (no cloak)
rCorr   .          Rampage  .   (no gloves)
Will    .....                   (no boots)
Stlth   ..........              (no amulet)
HPRegen 0.15/turn               (no ring)
MPRegen 0.10/turn               (no ring)

@: mighty, very slow
A: fangs 1, strong nose, distributed training
a: no special abilities


You were in a sewer.
You visited 1 branch of the dungeon, and saw 3 of its levels.
You also visited: Sewer.

You collected 108 gold pieces.

Inventory:

Hand Weapons
 a - a +0 flail (weapon)
Armour
 b - a +0 scale mail
 c - a +0 buckler (worn)
 h - a +0 plate armour (worn)
Scrolls
 e - 2 scrolls of enchant armour {unknown}
 f - 2 scrolls of teleportation {unknown}
 g - a scroll of blinking {unknown}
 k - a scroll of magic mapping {unknown}
Potions
 i - a potion of brilliance {unknown}
 j - a potion of mutation {unknown}
 l - a potion of degeneration {unknown}
 m - a potion of flight {unknown}


   Skills:
 + Level 6.6 Fighting
 + Level 1.4 Short Blades
 + Level 1.4 Long Blades
 + Level 1.4 Axes
 + Level 4.7 Maces & Flails
 + Level 1.4 Polearms
 + Level 1.4 Staves
 + Level 1.4 Ranged Weapons
 + Level 1.4 Throwing
 + Level 6.6 Armour
 + Level 1.4 Dodging
 + Level 1.4 Stealth
 + Level 6.6 Shields
 + Level 1.4 Unarmed Combat
 + Level 1.4 Spellcasting
 + Level 1.1 Conjurations
 + Level 1.1 Hexes
 + Level 1.1 Summonings
 + Level 1.1 Necromancy
 + Level 1.1 Translocations
 + Level 1.1 Transmutations
 + Level 1.1 Fire Magic
 + Level 1.1 Ice Magic
 + Level 1.1 Air Magic
 + Level 1.1 Earth Magic
 + Level 1.1 Poison Magic
 + Level 1.5 Invocations
 + Level 1.4 Evocations


You had 6 spell levels left.
You didn't know any spells.
Your spell library was empty.

Dungeon Overview and Level Annotations

Branches:
Dungeon (3/15)              Sewer (1/1)

Altars:

Shops:
D:2 (*[!

Annotations:
Sewer Pargi


Innate Abilities, Weirdness & Mutations

You have very sharp teeth.
Your uncanny sense of smell can sniff out nearby items.
Your experience applies equally to all skills.


Message History

You block Pargi's attack.
A frilled lizard comes into view.
You are too injured to fight recklessly!
You are too injured to fight recklessly!
You are too injured to fight recklessly!
Your unstable footing causes you to fumble your attack.
The frilled lizard hisses angrily.
Pargi bites you but does no damage. Pargi completely misses you.
Pargi claws you.
You barely miss Pargi.
Pargi is lightly wounded.
Pargi looks around nervously.
Pargi bites you.
* * * LOW HITPOINT WARNING * * *
Pargi claws you.
* * * LOW HITPOINT WARNING * * *
Pargi claws you but does no damage.
Your unstable footing causes you to fumble your attack.
Pargi bites you but does no damage. Pargi claws you.
* * * LOW HITPOINT WARNING * * *
Pargi claws you but does no damage. Pargi bites you but does no damage.
Pargi claws you but does no damage. Pargi barely misses you.
You bludgeon Pargi!!
Pargi is severely wounded.
Pargi bites you but does no damage. Pargi claws you.
* * * LOW HITPOINT WARNING * * *
You block Pargi's attack.
Your unstable footing causes you to fumble your attack.
Pargi bites you.
* * * LOW HITPOINT WARNING * * *
Pargi claws you but does no damage. Pargi claws you.
* * * LOW HITPOINT WARNING * * *
Your unstable footing causes you to fumble your attack.
Pargi barely misses you. Pargi closely misses you. You block Pargi's attack.
The frilled lizard bites you but does no damage.
You barely miss Pargi.
Pargi is heavily wounded.
Pargi barely misses you. Pargi claws you but does no damage. x2
The frilled lizard bites you.
You die...

#≈≈≈≈≈≈≈≈≈†.≈≈≈≈≈≈≈≈≈
###≈≈≈≈≈≈≈≈~##~~≈≈≈≈.≈≈
#≈≈≈≈≈≈≈≈≈.###.#.≈≈~#~≈
##≈≈≈≈≈≈≈≈.## ####∩∩.#
#≈≈≈≈≈≈≈≈≈.# #####
#≈≈≈≈≈≈≈≈~~#
≈≈≈≈≈≈≈≈~..#
#≈≈≈≈≈≈≈.### #≈≈≈≈≈@##
#≈≈≈≈≈lT# ≈≈≈≈≈≈≈.#
≈≈≈≈≈≈≈~. ∆∆ #≈≈≈≈≈≈≈~
∆ #≈≈≈≈≈≈≈~# ∆
##≈≈≈≈≈≈≈. #≈≈≈≈≈≈≈.


You could see Pargi and a frilled lizard.

Vanquished Creatures
  A necrophage (D:3)
  A worm (D:2)
  An orc (D:3)
  2 bats
  6 endoplasms
  2 giant cockroaches (D:3)
  3 goblins
  4 hobgoblins
  6 jackals
  3 kobolds
  5 quokkas
  3 ball pythons
  5 frilled lizards
  5 rats
47 creatures vanquished.

Notes
Turn   | Place    | Note
-------+----------+-------------------------------------------
     0 | D:1      | dudediamond6 the Gnoll Fighter began the quest for the Orb.
     0 | D:1      | Reached XP level 1. HP: 23/23 MP: 1/1
   257 | D:1      | Found a faded altar of an unknown god.
   281 | D:1      | Reached XP level 2. HP: 29/29 MP: 2/2
   739 | D:2      | Found Seoggek's Antique Weapon Emporium.
   830 | D:2      | Reached XP level 3. HP: 25/35 MP: 3/3
  1025 | D:2      | Found Umibilud's Antique Armour Shop.
  1030 | D:2      | Found Ygrec's Distillery.
  1173 | D:2      | Reached skill level 1 in Invocations
  1401 | D:2      | Found Icwoud's General Store.
  1922 | D:3      | Reached skill level 1 in Short Blades
  1922 | D:3      | Reached skill level 1 in Long Blades
  1922 | D:3      | Reached skill level 1 in Axes
  1922 | D:3      | Reached skill level 1 in Polearms
  1922 | D:3      | Reached skill level 1 in Staves
  1922 | D:3      | Reached skill level 1 in Ranged Weapons
  1922 | D:3      | Reached skill level 1 in Throwing
  1922 | D:3      | Reached skill level 1 in Dodging
  1922 | D:3      | Reached skill level 1 in Stealth
  1922 | D:3      | Reached skill level 1 in Unarmed Combat
  1922 | D:3      | Reached skill level 1 in Spellcasting
  1922 | D:3      | Reached skill level 1 in Evocations
  1933 | D:3      | Noticed a necrophage
  1958 | D:3      | Killed a necrophage
  1959 | D:3      | Reached skill level 1 in Conjurations
  1959 | D:3      | Reached skill level 1 in Hexes
  1959 | D:3      | Reached skill level 1 in Summonings
  1959 | D:3      | Reached skill level 1 in Necromancy
  1959 | D:3      | Reached skill level 1 in Translocations
  1959 | D:3      | Reached skill level 1 in Transmutations
  1959 | D:3      | Reached skill level 1 in Fire Magic
  1959 | D:3      | Reached skill level 1 in Ice Magic
  1959 | D:3      | Reached skill level 1 in Air Magic
  1959 | D:3      | Reached skill level 1 in Earth Magic
  1959 | D:3      | Reached skill level 1 in Poison Magic
  1959 | D:3      | Reached XP level 4. HP: 11/41 MP: 5/5
  2056 | D:3      | Found a glowing drain.
  2074 | D:3      | Reached XP level 5. HP: 20/47 MP: 7/7
  2076 | Sewer    | Entered a sewer
  2285 | Sewer    | Noticed Pargi
  2313 | Sewer    | HP: 1/47 [Pargi (3)]
  2315 | Sewer    | Slain by a frilled lizard

Illustrated notes

Levels and vault maps discovered:
D:1:      lemuel_arrival_behind_the_door_large, layout_loops_ring,
          dreamdust_ecumenical_altar_grove
D:2:      layout_basic, serial_shops, nicolae_shop_behind_doors,
          nicolae_square_shop, nicolae_shop_overgrown_old_shop, shop_fountains
D:3:      layout_loops_ring, grunt_temple_overflow_order_and_chaos_1,
          gup_sewer_entry_pipe
Sewer:    sewer_co_pargi_island

Skill      XL: |  1  2  3 |
---------------+----------+-----
Invocations    | 1 |  1.5
Short Blades   | 1 |  1.4
Long Blades    | 1 |  1.4
Axes           | 1 |  1.4
Polearms       | 1 |  1.4
Staves         | 1 |  1.4
Ranged Weapons | 1 |  1.4
Throwing       | 1 |  1.4
Dodging        | 1 |  1.4
Stealth        | 1 |  1.4
Unarmed Combat | 1 |  1.4
Spellcasting   | 1 |  1.4
Evocations     | 1 |  1.4
Conjurations   | 1 |  1.1
Hexes          | 1 |  1.1
Summonings     | 1 |  1.1
Necromancy     | 1 |  1.1
Translocations | 1 |  1.1
Transmutations | 1 |  1.1
Fire Magic     | 1 |  1.1
Ice Magic      | 1 |  1.1
Air Magic      | 1 |  1.1
Earth Magic    | 1 |  1.1
Poison Magic   | 1 |  1.1
Fighting       | |  6.6
Maces & Flails | |  4.7
Armour         | |  6.6
Shields        | |  6.6

Action                   |  1- 3 |  4- 6 || total
-------------------------+-------+-------++-------
Melee: Flail             |   149 |    59 ||   208
       Bite              |    11 |     6 ||    17
  Use: Potion            |       |     1 ||     1
Armor: Scale mail        |     2 |       ||     2
       Plate armour      |    96 |    54 ||   150
Dodge: Dodged            |    32 |    30 ||    62
Block: Buckler           |    49 |    19 ||    68
